 Dungeon Crawl Stone Soup version 0.22.1-1-ga44c0e5 (webtiles) character file.

41 Monsterracer the Insei (level 3, -2/26 HPs)
             Began as an Octopode Abyssal Knight on Oct 19, 2018.
             Was a Follower of Lugonu.
             Slain by a wight
             ... wielding a cursed +4 spear
              (8 damage)
             ... on level 2 of the Dungeon.
             The game lasted 00:01:52 (1645 turns).

Monsterracer the Insei (Octopode Abyssal Knight)    Turns: 1645, Time: 00:01:53

Health: -2/26      AC:  1    Str: 11    XL:     3   Next: 52%
Magic:  0/4        EV: 12    Int: 15    God:    Lugonu [*.....]
Gold:   47         SH:  3    Dex: 11    Spells: 2/2 levels left

rFire    . . .     SeeInvis .     - Unarmed
rCold    . . .     Gourm    .   a - +0 buckler (curse)
rNeg     . . .     Faith    .   (helmet restricted)
rPois    .         Spirit   +   d - amulet of guardian spirit (curse)
rElec    .         Reflect  .   (no ring)
rCorr    .         Harm     .   (no ring)
MR       .....                  (no ring)
Stlth    ++........             (no ring)
HPRegen  0.08/turn              (no ring)
MPRegen  0.09/turn              (no ring)
                                (no ring)
                                (no ring)

@: drained
A: almost no armour, stealthy swim, amphibious, 8 rings, constrict 8, camouflage
1, gelatinous body 1
a: Depart the Abyss, Renounce Religion


You were on level 2 of the Dungeon.
You worshipped Lugonu.
Lugonu was aware of your devotion.
You were not hungry.

You visited 1 branch of the dungeon, and saw 2 of its levels.
You visited the Abyss 1 time.

You collected 47 gold pieces.

Inventory:

Armour
 a - a cursed +0 buckler (worn)
Jewellery
 d - a cursed amulet of guardian spirit (around mantle)
Wands
 k - a wand of polymorph (10)
Scrolls
 b - a scroll of identify {unknown}
 e - 2 scrolls of enchant weapon {unknown}
 g - a scroll of random uselessness {unknown}
 i - 2 scrolls of remove curse {unknown}
 j - a scroll of teleportation {unknown}
Potions
 f - a potion of lignification {unknown}
 h - a potion of brilliance {unknown}
Comestibles
 c - 4 rations


   Skills:
 - Level 3.0(2.3) Fighting
 - Level 2.3(1.7) Dodging
 * Level 3.8(3.2) Unarmed Combat
 - Level 2.0(1.3) Invocations


You had 2 spell levels left.
You didn't know any spells.
Your spell library was empty.

Dungeon Overview and Level Annotations

Branches:
Dungeon (2/15)

Altars:
Ashenzari
Sif Muna
Yredelemnul


Innate Abilities, Weirdness & Mutations

You cannot wear most types of armour.
You are very stealthy in the water. (Stealth+)
You are amphibious.
You can wear up to eight rings at the same time.
You can use your tentacles to constrict eight enemies at once.
Your skin changes colour to match your surroundings (Stealth+).
Your rubbery body absorbs attacks. (AC +1, EV +1)


Message History

You are near starving!
Health restored: 26; MP restored: 4
There is an open door here.
A giant cockroach comes into view.
A giant cockroach is nearby!
The helpless giant cockroach fails to defend itself.
You tentacle-slap the giant cockroach but do no damage.
You grab the giant cockroach. You squeeze the giant cockroach.
You kill the giant cockroach!
Lugonu accepts your kill.
No target in view!
You butcher the giant cockroach corpse.
l - 2 chunks of flesh Eating one of 2 chunks of flesh.
You eat one of the 2 chunks of flesh.
This raw flesh tastes terrible.
You are feeling hungry.
Eating a chunk of flesh.
You eat the chunk of flesh.
This raw flesh tastes terrible.
A leopard gecko comes into view.
A leopard gecko is nearby!
The helpless leopard gecko fails to defend itself.
You tentacle-slap the leopard gecko.
You kill the leopard gecko!
Lugonu accepts your kill.
No target in view!
No target in view!
An adder comes into view.
Found a leather armour.
An adder is nearby!
No target in view!
No target in view!
There is a fountain of clear blue water here.
The adder hisses angrily.
Your shield prevents you from hitting the adder.
Your grab misses the adder. You squeeze the adder!
The adder is severely wounded.
The adder bites you. x2
You take 6 damage, and have 20/26 hp.
MASSIVE DAMAGE!!
You now have 3/4 mp.
You tentacle-slap the adder. You grab the adder.
The adder is almost dead.
You constrict the adder.
You kill the adder!
Lugonu accepts your kill.
You see here an adder corpse.
You open the door.
Found a basalt altar of Yredelemnul.
Health restored: 26; MP restored: 4 You see here an adder corpse.
As you open the door, it creaks loudly!
You hear a shout!
Found a shattered altar of Ashenzari.
A hobgoblin comes into view. It is wielding a hand axe.
A hobgoblin is nearby!
A hobgoblin is nearby!
The hobgoblin shouts!
A goblin comes into view. It is wielding a dagger.
The goblin shouts!
You tentacle-slap the hobgoblin.
You kill the hobgoblin!
Lugonu accepts your kill.
Things that are here:
a hand axe; a hobgoblin corpse You barely miss the goblin.
Your grab misses the goblin. The goblin hits you with a dagger.
You take 4 damage, and have 22/26 hp.
You closely miss the goblin. You grab the goblin. You squeeze the goblin.
The goblin is heavily wounded.
You constrict the goblin. The goblin hits you but does no damage.
A goblin is nearby!
You bludgeon the goblin!
You kill the goblin!
Lugonu accepts your kill.
Key pressed, stopping explore.
No target in view!
Health restored: 26
Found a deep blue altar of Sif Muna.
Found 16 bolts.
You open the door. 2 wights come into view.
The wight hits you with an enchanted spear.
You feel drained.
There is an open door here.
You take 1 damage, and have 25/26 hp.
You now have 3/4 mp.
You barely miss the wight. Your grab misses the wight.
Your squeeze misses the wight. The wight closely misses you.
You tentacle-slap the wight. Your grab misses the wight.
Your squeeze misses the wight.
The wight is moderately damaged.
The wight closely misses you.
You tentacle-slap the wight. You grab the wight.
The wight is moderately damaged.
You constrict the wight, but do no damage.
The wight hits you with an enchanted spear!
Ouch! That really hurt!
* * * LOW HITPOINT WARNING * * *
You feel drained.
* * * LOW HITPOINT WARNING * * *
You take 20 damage, and have 5/26 hp.
MASSIVE DAMAGE!!
You now have 1/4 mp.
You release your grip on the wight.
The wight hits you from afar with an enchanted spear!
You die...

##+## .####...##
.(......##
##.......## # #
#.........##.#...#
+.........'z......
#........@##......
##.#.#...## .#.##
#.._...## #.# #.
#######.#.## #.#
.. ........+## #.#
#. ########.# #.#
#. #.# #.# #.
########.## #.# #.
#.........##
#.###### +#.


You could see a wight.

Vanquished Creatures
  An adder (D:2)
  An ooze (D:1)
  A leopard gecko (D:2)
  A ball python (D:1)
  4 bats (D:1)
  A giant cockroach (D:2)
  2 hobgoblins
  4 kobolds
  A quokka (D:2)
  3 frilled lizards (D:1)
  4 goblins
  2 rats (D:1)
25 creatures vanquished.

Notes
Turn   | Place    | Note
-------+----------+-------------------------------------------
     0 | Abyss:1  | Monsterracer the Octopode Abyssal Knight began the quest
                  | for the Orb.
     0 | Abyss:1  | Reached XP level 1. HP: 16/16 MP: 2/2
    28 | Abyss:1  | Noticed a small abomination
    32 | Abyss:1  | Noticed an orb spider
    78 | D:1      | Escaped the Abyss
   375 | D:1      | Reached XP level 2. HP: 21/21 MP: 3/3
   693 | D:1      | Reached * piety under Lugonu
  1116 | D:2      | HP: 10/21 [quokka (2)]
  1127 | D:2      | HP: 4/21 [quokka (1)]
  1128 | D:2      | Reached XP level 3. HP: 5/26 MP: 0/4
  1547 | D:2      | Found a basalt altar of Yredelemnul.
  1550 | D:2      | Found a shattered altar of Ashenzari.
  1630 | D:2      | Found a deep blue altar of Sif Muna.
  1644 | D:2      | HP: 11/26 [wight/enchanted spear (14)]
  1644 | D:2      | HP: 5/26 [wight/enchanted spear (6)]
  1645 | D:2      | Slain by a wight

Skill      XL: |  1  2 |
---------------+-------+-----
Unarmed Combat | 3 |  3.8
Fighting       | |  3.0
Dodging        | |  2.3
Invocations    | |  2.0

Action                   || total
-------------------------++-------
Melee: Unarmed           ||    59
       Constrict         ||    14
       Tentacles         ||     7
       Punch             ||     1
Invok: Depart the Abyss  ||     1
 Stab: Sleeping          ||     7
  Eat: Chunk             ||     2
Armor: Skin              ||     6
Dodge: Dodged            ||    35
Block: Buckler           ||     2

Vault maps used:
D:1:      minmay_arrival_four_loops
D:2:      lemuel_crystal_altar, grunt_temple_overflow_cloverleaf,
          minmay_crystal_water, uniq_terence
